Yev-Ruu, chaotic female vampiric Convict ------ ---- --.--^--- |..---- |...%[..| |.....| --.|....| -----.---|.|..|.|.. --- |....|.|.-|.|.. ---.--. ---......||.|%- ---......... ----.---|.|.| |...........- |.---|)|.| |...........-- |...||.|.| --.--........-- ---.--)|.| ---|-........-- |....|.-- |........<.- ---..|..-----%-.... ..... --...@@.>......... ... |..)%.(-------.... |....%.| |.... |.)...-- -.. --.---.- |...| * --.-- --- Yev-Ruu the Jail-bird Experience level: 7 Strength: 16 Dexterity: 15 Constitution: 19 Intelligence: 10 Wisdom: 9 Charisma: 8 Health: 0(77) Energy: 0(0) AC: 0 Gold: 349 Moves: 1716 Your Inventory: Coins $ - 349 gold pieces Armor b - a cursed +0 striped shirt (being worn) d - a [blessed] +1 iron skull cap [of cold resistance (orcish helm)] (being worn) r - an [uncursed] +0 dwarvish mithril-coat (being worn) s - an [uncursed] +0 pair of hard shoes [iron] (being worn) Potions g - an [uncursed] amber potion [of healing] Wands l - an [uncursed] platinum wand [of speed monster (0:4)] Tools e - an [uncursed] looking glass [mirror] m - 4 [uncursed tallow] candles Gems f - 2 [uncursed] black gems [worthless glass] n - 2 [uncursed] yellow gems [worthless glass] o - 3 [uncursed] yellowish brown gems [worthless glass] p - an [uncursed] red gem [garnet] q - an [uncursed] yellow gem [chrysoberyl] Iron balls c - an [uncursed] heavy iron ball (chained to you) (weapon in hand) Spells known in the end: Name Level Category Fail Memory Your skills at the end: Fighting Skills Weapon Skills sling [Basic / Skilled] Spellcasting Skills Final Attributes: You were devoutly aligned. Hunger level was 895. Your alignment was 18 / 18. Monster difficulty range was 0 - 5. Level difficulty was 4. You were immune to cold. You were immune to poison. You were immune to level-drain. You were immune to sickness. You were punished. You could fly. You could survive without air. You regenerated. Your luck was zero. You are dead. Vanquished creatures: an imp a rock mole a gnome lord 2 kittens 5 dwarves a kobold lord a centipede 6 killer bees 2 hobbits a large kobold 30 gnomes a gecko 2 jackals a fox a goblin 2 sewer rats 4 grid bugs a lichen 3 kobold zombies a newt 67 creatures vanquished. Voluntary challenges: You went without food. You were illiterate. You never hit with a wielded weapon. You put on armor 6 times. You never genocided any monsters. You never polymorphed an object. You never changed form. You used no wishes. You abstained from Elbereth's help. You never encountered a bones level. You never used any Sokoban shortcuts. Dungeon overview: The Dungeons of Doom: levels 1 to 2 Level 1 a long staircase Level 2 an altar stairs to The Gnomish Mines The Gnomish Mines: levels 3 to 5 Level 3 stairs to The Dungeons of Doom Level 4 <- You were here History has recorded: On T:1 you entered the Dungeons of Doom to retrieve the Amulet of Yendor! On T:396 you reached level 2 of The Dungeons of Doom. On T:864 you advanced to experience level 2. On T:907 you reached level 1 of The Gnomish Mines. On T:955 you advanced to experience level 3. On T:971 you advanced to experience level 4. On T:1013 you advanced to experience level 5. On T:1125 you advanced to experience level 6. On T:1222 you reached level 2 of The Gnomish Mines. On T:1271 you reached level 3 of The Gnomish Mines. On T:1431 you advanced to experience level 7. Latest messages: Your stomach feels content. [3 turns] You are already wielding that! You fly down along the stairs. The watch captain wields a silver saber! With great effort you climb the stairs. The watch captain swings his silver saber. The silver sears your flesh! The watch captain hits! The watch captain swings his silver saber. The silver sears your flesh! The watch captain hits! [HP-38=39] [HP+1=40] [HP+1=41] The watch captain swings his silver saber. The silver sears your flesh! The watch captain hits! The watch captain swings his silver saber. The silver sears your flesh! The watch captain hits! You die... Final status: Goodbye Yev-Ruu the Convict... You died in The Gnomish Mines on dungeon level 4 with 2031 points, and 349 pieces of gold, after 1716 moves. You were level 7 with a maximum of 77 hit points when you died.